 Dungeon Crawl Stone Soup version 0.17-a0-1769-g54adf96 (webtiles) character file.

103 wvc the Chopper (level 5, -4/41 HPs)
             Began as a Human Wanderer on Sept 7, 2015.
             Was a Follower of Okawaru.
             Killed by divine providence
             ... invoked by an orc priest
              (7 damage)
             ... on level 3 of the Dungeon.
             The game lasted 00:02:46 (1835 turns).

wvc the Chopper (Human Wanderer)                    Turns: 1835, Time: 00:02:46

Health: -4/41      AC: 11    Str: 12    XL:     5   Next: 6%
Magic:  4/5        EV: 12    Int: 13    God:    Okawaru [*.....]
Gold:   99         SH:  0    Dex: 13    Spells: 0 memorised, 4 levels left

rFire  . . .     SeeInvis .     b - +0 hand axe
rCold  . . .     Clarity  .     a - +2 scale mail
rNeg   . . .     SustAt   .     (no shield)
rPois  .         Gourm    .     (no helmet)
rElec  .         Spirit   .     l - +0 cloak
rCorr  .         Warding  .     (no gloves)
rMut   .         Stasis   .     (no boots)
MR     .....                    m - amulet of rage
Stlth  +.........               (no ring)
                                (no ring)

@: heroism, not resistant to hostile enchantments, very unstealthy
A: no striking features
a: Heroism, Renounce Religion, Evoke Berserk Rage


You were on level 3 of the Dungeon.
You worshipped Okawaru.
Okawaru was aware of your devotion.
You were not hungry.

You visited 1 branch of the dungeon, and saw 3 of its levels.

You collected 99 gold pieces.

Inventory:

Hand weapons
 b - a +0 hand axe (weapon)
Missiles
 e - 31 poisoned needles
Armour
 a - a +2 scale mail (worn)
 l - a +0 cloak (worn)
Jewellery
 i - an uncursed amulet of guardian spirit
 m - an amulet of rage (around neck)
Scrolls
 g - a scroll of remove curse
Potions
 c - a potion of lignification
 f - a potion of heal wounds {unknown}
 h - a potion of cancellation {unknown}
 k - a potion of curing {unknown}
 n - a potion of resistance {unknown}
Comestibles
 d - a bread ration
 j - a meat ration


   Skills:
 - Level 3.0(8.0) Fighting
 + Level 3.8(8.8) Axes
 - Level 1.0(6.0) Throwing
 - Level 3.0(8.0) Armour
 + Level 2.6(7.6) Dodging
 + Level 1.0 Evocations


You had 4 spell levels left.
You didn't know any spells.

Dungeon Overview and Level Annotations

Branches:
Dungeon (3/15)

Altars:
Okawaru


Message History

You slash the orc priest!
The orc priest is almost dead.
You hit the orc priest but do no damage.
The orc priest is almost dead.
The orc priest hits you with a hand axe.
* * * LOW HITPOINT WARNING * * *
You barely miss the orc priest.
The orc priest is almost dead.
The orc priest barely misses you.
You barely miss the orc priest.
The orc priest is almost dead.
The orc priest hits you with a hand axe.
* * * LOW HITPOINT WARNING * * *
You hit the orc priest but do no damage.
The orc priest is almost dead.
You closely miss the orc priest.
The orc priest is almost dead.
The orc priest invokes the aid of Beogh against you.
Something smites you!
You die...

........#.#.###### #.#
#.>..####.#.# #.#
.....#....#.#########.#
#.## #.##.#.##........#
. #.#..#.##.########
#.#..#.##.# #.#..#.##.#
#.#..#.##.# #.#..#.##@#
#.####.#o)# #......#.##
########. .. ... ###


You could see an orc priest.

Vanquished Creatures
  An orc wizard (D:3)
  2 adders (D:2)
  An ooze (D:2)
  A worm (D:2)
  A giant gecko (D:2)
  3 orcs (D:3)
  8 hobgoblins
  A jackal (D:2)
  A quokka (D:2)
  2 ball pythons
  5 bats
  4 giant newts
  11 goblins
  5 kobolds
  4 rats
50 creatures vanquished.

Notes
Turn   | Place    | Note
--------------------------------------------------------------
     0 | D:1      | wvc the Human Wanderer began the quest for the Orb.
     0 | D:1      | wvc set off with: a +2 scale mail, a +0 hand axe, a potion of lignification, a bread ration
     0 | D:1      | Reached XP level 1. HP: 18/18 MP: 1/1
   247 | D:1      | Reached XP level 2. HP: 14/24 MP: 2/2
   511 | D:1      | Reached skill level 1 in Dodging
   826 | D:2      | Reached XP level 3. HP: 27/29 MP: 3/3
  1165 | D:2      | Found a faded altar to an unknown god.
  1198 | D:2      | Became a worshipper of Warmaster Okawaru
  1198 | D:2      | Acquired Okawaru's first power
  1254 | D:2      | Reached XP level 4. HP: 26/35 MP: 4/4
  1824 | D:3      | Reached XP level 5. HP: 18/41 MP: 3/5
  1835 | D:3      | Killed from afar by an orc priest

Vault maps used:
D:1:      dpeg_arrival_round_b, eino_curves_02, hangedman_decor_push
D:2:      ecumenical_altar_2, kennysheep_generic_room_9
D:3:      minmay_goblin_kobold_castle

Action                   |  1- 3 |  4- 6 || total
-------------------------+-------+-------++-------
Melee: Hand axe          |   118 |    66 ||   184
Invok: Heroism           |       |     1 ||     1
  Use: Scroll            |     1 |       ||     1
  Eat: Royal jelly       |     1 |       ||     1
       Chunk             |       |     1 ||     1
